 Dungeon Crawl Stone Soup version 0.21-a0-49-g7bf2ba4 (webtiles) character file.

14 HAL9000 the Chucker (level 2, 0/32 HPs)
             Began as an Ogre Hunter on June 9, 2017.
             Slain by a jackal (1 damage)
             ... on level 1 of the Dungeon.
             The game lasted 00:01:15 (866 turns).

HAL9000 the Chucker (Ogre Hunter)                    Turns: 866, Time: 00:01:16

Health: 0/32       AC:  3    Str: 15    XL:     2   Next: 41%
Magic:  2/2        EV: 10    Int: 12    God:
Gold:   0          SH:  0    Dex:  9    Spells: 1/1 levels left

rFire    . . .     SeeInvis .   i - +0 club
rCold    . . .     Gourm    .   (no shield)
rNeg     . . .     Faith    .   b - +0 robe
rPois    .         Spirit   .   (helmet restricted)
rElec    .         Reflect  .   (no cloak)
rCorr    .         Harm     .   (gloves unavailable)
MR       .....                  (boots unavailable)
Stlth    +.........             (no amulet)
Regen    0.1/turn               (no ring)
MPRegen  0.1/turn               (no ring)

@: no status effects
A: unfitting armour, tough skin 1
a: no special abilities


You were on level 1 of the Dungeon.
You were not hungry.

You visited 1 branch of the dungeon, and saw 1 of its levels.

Inventory:

Hand Weapons
 i - a +0 club (weapon)
Missiles
 c - 3 large rocks (quivered)
 d - 2 throwing nets
Armour
 b - a +0 robe (worn)
Scrolls
 k - 2 scrolls of teleportation {unknown}
 l - a scroll of immolation {unknown}
 n - a scroll of random uselessness {unknown}
Potions
 g - a potion of invisibility {unknown}
 j - a potion of degeneration {unknown}
 m - a potion of agility {unknown}
Comestibles
 f - 2 bread rations
 h - a royal jelly


   Skills:
 + Level 4.0 Fighting
 - Level 4.0 Throwing
 - Level 1.7 Dodging
 - Level 0.6 Stealth


You had one spell level left.
You didn't know any spells.

Dungeon Overview and Level Annotations

Branches:
Dungeon (1/15)

Altars:


Innate Abilities, Weirdness & Mutations

You are too large for most types of armour.
You have tough skin. (AC +1)


Message History

The large rock closely misses the jackal.
The jackal barely misses you. x2; The jackal closely misses you.
Throwing (i - inventory. (,) - cycle):
c - 4 large rocks (quivered)
Press: ? - help, Shift-Dir - straight line, f/p - jackal
Aim: a jackal You throw a large rock.
The large rock closely misses the jackal.
The jackal closely misses you. The jackal bites you.
* * * LOW HITPOINT WARNING * * *
You hit the jackal.
The jackal is heavily wounded.
The jackal bites you.
* * * LOW HITPOINT WARNING * * *
The jackal bites you but does no damage.
You closely miss the jackal.
The jackal is heavily wounded.
The jackal bites you.
* * * LOW HITPOINT WARNING * * *
The jackal bites you.
You die...

............####.#######.#
##.#......#..............#
##.#.#.#.....###.##.#.##.#
.....#.#.###.########.##.#
.#.###.#.# #...........#.#
...###.#.#############...########
.#........##..........##.........
.######......#######.....######(.
.# #...#### #@##.#..### #.# .#
#...# #h##.....#######.# .#
#...######.#.......#...##..
#######................#.#.#.....
#................#.##..#.#.#.....
....#####.......(#.....#.#.#.....
#รท.##...##......##.##.##.#.#...#.
####..<..######.......##.#.#.####
##.......##....##.......#.......


You could see a jackal.

Vanquished Creatures
  A dart slug (D:1)
  2 bats (D:1)
  A giant cockroach (D:1)
  2 hobgoblins (D:1)
  A jackal (D:1)
  A kobold (D:1)
  3 rats (D:1)
11 creatures vanquished.

Notes
Turn   | Place    | Note
-------+----------+-------------------------------------------
     0 | D:1      | HAL9000 the Ogre Hunter began the quest for the Orb.
     0 | D:1      | Reached XP level 1. HP: 22/22 MP: 1/1
   304 | D:1      | Reached XP level 2. HP: 18/32 MP: 2/2
   866 | D:1      | HP: 1/32 [jackal (2)]
   866 | D:1      | Slain by a jackal

Vault maps used:
D:1:      dpeg_arrival_lava_temple_mockup, serial_co_window_serial,
          co_window_paths_a, co_window_paths_a, co_window_paths_b,
          co_window_of_opportunity_a, co_window_paths_b, co_window_paths_a,
          co_window_paths_a, co_window_paths_a, co_window_paths_a,
          co_window_corner_b, co_window_broadway_c, co_window_unsneaky_path_e,
          co_window_broadway_a, glass_columns_b

Skill      XL: |  1  2 |
---------------+-------+-----
Fighting       | 3 4 |  4.0
Throwing       | |  4.0
Dodging        | |  1.7
Stealth        | |  0.6

Action                   || total
-------------------------++-------
Melee: Short sword       ||    19
       Club              ||    48
Throw: Large rock        ||     2
Armor: Robe              ||    30
Dodge: Dodged            ||    66
